 Dungeon Crawl Stone Soup version 0.32-a0-711-g016ad743e0 (webtiles) character file.

Game seed: 4152613095876651246

63 gimp the Insei (level 4, -3/40 HPs)
             Began as a Kobold Shapeshifter on Mar 16, 2024.
             Slain by Grinder (5 damage)
             ... while paralysed by Grinder
             ... on level 3 of the Dungeon.
             The game lasted 00:02:26 (2017 turns).

gimp the Insei (Kobold Shapeshifter)                Turns: 2017, Time: 00:02:27

Health: -3/40      AC: 22    Str: 11    XL:     4   Next: 31%
Magic:  4/4        EV:  3    Int: 11    God:
Gold:   90         SH:  0    Dex: 16    Spells: 3/3 levels left

rFire   . .          .
                       - Unarmed
rCold   . . .        (no shield)
rNeg    . . .        a - melded +0 animal skin
rPois   +            (helmet currently unavailable)
rElec   .            (cloak currently unavailable)
rCorr   .            (gloves currently unavailable)
SInv    .            (boots currently unavailable)
Will    .....        (no amulet)
Stlth   ++           (no ring)
HPRegen 0.26/turn    (no ring)
MPRegen 0.09/turn

%: no passive effects
@: paralysed, tree-form
A: stationary, stasis, torment immunity, boosted hp, small, no large weapons,
nightstalker 3
a: no special abilities


You were on level 3 of the Dungeon.
You were a tree.
You visited 1 branch of the dungeon, and saw 3 of its levels.

You collected 90 gold pieces.

Inventory:

Armour
 a - a +0 animal skin (melded)
Talismans
 c - a beast talisman (active)
 d - a flux talisman
Scrolls
 f - a scroll of enchant armour {unknown}
 g - a scroll of summoning {unknown}
 h - a scroll of amnesia {unknown}
 j - 2 scrolls of identify {unknown}
 k - a scroll of immolation {unknown}
 l - a scroll of acquirement {unknown}
 m - a scroll of teleportation {unknown}
Potions
 i - a potion of might {unknown}


   Skills:
 + Level 2.5 Fighting
 - Level 2.4 Dodging
 + Level 3.6 Unarmed Combat
 + Level 3.5 Shapeshifting


You had 3 spell levels left.
You didn't know any spells.
Your spell library contained the following spells:

 Spells                   Type           Power      Damage    Failure   Level
 Sandblast                Erth           0%         2d4       34%         1
 Call Canine Familiar     Summ           0%         N/A       71%         3
 Sigil of Binding         Hex            0%         N/A       71%         3
 Stone Arrow              Conj/Erth      0%         3d7       71%         3
 Brom's Barrelling Bould  Conj/Erth      0%         2d3       98%         4
 Dimensional Bullseye     Hex/Tloc       0%         N/A       98%         4


Dungeon Overview and Level Annotations

Branches:
Dungeon (3/15)

Altars:
Ashenzari
Dithmenos

Annotations:
D:3 Grinder


Innate Abilities, Weirdness & Mutations

You are a tree.
Your roots penetrate the ground, keeping you stationary.
You cannot be teleported.
You are immune to unholy pain and torment.
Your maximum health is greatly increased.
Your equipment is partially melded.
You are small and have problems with some larger weapons.
You are completely attuned to the shadows.


Message History

Pain shoots through your body!
You see here a scroll labelled TANOSKA UHYOCA.
You take 8 damage, and have 19/27 hp.
MASSIVE DAMAGE!!
Grinder is nearby!
Grinder blinks!
There is a stone staircase leading down here.
You start resting.
HP restored.
Health restored: 27
There is a stone staircase leading down here.
An orc comes into view. It is wielding a +0 hand axe.
The orc shouts!
You hit the orc.
The orc is lightly wounded.
The orc closely misses you.
You hit the orc.
The orc is severely wounded.
The orc barely misses you.
You hit the orc.
You kill the orc!
No target in view!
No target in view!
A kobold comes into view. It is wielding a +0 dagger.
Things that are here:
a +0 hand axe; an orc corpse A kobold is nearby!
You hit the kobold.
You kill the kobold!
No target in view!
m - a scroll labelled TANOSKA UHYOCA
There is a stone staircase leading down here.
You open the door.
There is an open door here.
There is an open door here.
You open the door.
Found a broken altar of Ashenzari.
There is an open door here.
Something unseen opens the door.
You sense a monster nearby.
There is a broken altar of Ashenzari here.
Grinder is nearby!
Grinder is nearby!
You barely miss Grinder.
Grinder blinks!
You hit Grinder but do no damage. Grinder closely misses you.
You barely miss Grinder. Grinder barely misses you.
You hit Grinder.
Grinder is lightly wounded.
You completely miss Grinder.
Grinder is lightly wounded.
Grinder barely misses you.
You hit Grinder.
Grinder is lightly wounded.
Grinder misses you.
You hit Grinder.
Grinder is moderately wounded.
Grinder blinks!
No target in range!
No target in range!
You hit Grinder.
Grinder is moderately wounded.
Grinder barely misses you.
You hit Grinder.
Grinder is heavily wounded.
Grinder barely misses you.
You hit Grinder.
Grinder is heavily wounded.
Grinder hits you!
You take 9 damage, and have 18/27 hp.
MASSIVE DAMAGE!!
You closely miss Grinder.
Grinder is heavily wounded.
Grinder hits you!
You writhe in agony.
* * * LOW HITPOINT WARNING * * *
You take 14 damage, and have 4/27 hp.
MASSIVE DAMAGE!!
It was a potion of curing.
You feel better. Grinder hits you.
You writhe in agony.
* * * LOW HITPOINT WARNING * * *
You regained 3 hp, and now have 7/27 hp.
Your transformation has ended.
You turn into a tree.
Your +0 animal skin melds into your body.
Your roots penetrate the ground.
Grinder hits you.
* * * LOW HITPOINT WARNING * * *
You writhe in agony.
* * * LOW HITPOINT WARNING * * *
You now have 4/40 hp.
You are too injured to fight recklessly!
You are too injured to fight recklessly!
You hit Grinder.
Grinder is heavily wounded.
Grinder hits you but does no damage.
You completely miss Grinder.
Grinder is heavily wounded.
Grinder gestures at you.
You suddenly lose the ability to move!
Grinder hits you but does no damage. x2
Grinder hits you.
* * * LOW HITPOINT WARNING * * *
You writhe in agony.
You die...
Grinder sighs, "Dead already?
I want a refund."

... ...
##'##
#.+...+
#.#...#
+##+.#♣_.#
#..#.#5..#
#..#.'...+
+..'###+##
#..#.....
#..#.....
###'###'#
#.....#..#
#..>..##.#
######


You could see Grinder.

Vanquished Creatures
  2 adders (D:2)
  A dart slug (D:1)
  An orc (D:3)
  5 endoplasms
  2 giant cockroaches
  3 goblins
  4 hobgoblins
  6 jackals (D:1)
  5 kobolds
  2 ball pythons (D:2)
  4 bats
  3 frilled lizards (D:1)
  A rat (D:2)
39 creatures vanquished.

Notes
Turn   | Place    | Note
-------+----------+-------------------------------------------
     0 | D:1      | gimp the Kobold Shapeshifter began the quest for the Orb.
     0 | D:1      | Reached XP level 1. HP: 12/12 MP: 1/1
    88 | D:1      | Reached XP level 2. HP: 13/16 MP: 2/2
   450 | D:1      | Reached XP level 3. HP: 21/21 MP: 3/3
  1220 | D:2      | Found a shadowy altar of Dithmenos.
  1538 | D:2      | Reached XP level 4. HP: 21/27 MP: 4/4
  1912 | D:3      | Found a faded altar of an unknown god.
  1918 | D:3      | Noticed Grinder
  1994 | D:3      | Found a broken altar of Ashenzari.
  2014 | D:3      | Paralysed by Grinder for 3 turns
  2017 | D:3      | HP: 2/40 [Grinder (4)]
  2017 | D:3      | Slain by Grinder

Illustrated notes

Levels and vault maps discovered:
D:1:      dpeg_arrival_connections, layout_basic
D:2:      layout_basic, basic_altar
D:3:      layout_rooms, mainiacjoe_overflow_24_doors,
          gammafunk_temple_overflow_claw, hellmonk_ecumenical_altar_zigzags,
          uniq_grinder

Skill      XL: |  1  2  3 |
---------------+----------+-----
Fighting       | 2 |  2.5
Dodging        | |  2.4
Unarmed Combat | |  3.6
Shapeshifting  | |  3.5

Action                     |  1- 3 |  4- 6 || total
---------------------------+-------+-------++-------
  Melee: Unarmed           |    90 |    25 ||   115
         Punch             |       |     2 ||     2
    Use: Potion            |     1 |     2 ||     3
   Stab: Sleeping          |     9 |     2 ||    11
         Distracted        |     1 |       ||     1
 Armour: Animal skin       |    19 |     6 ||    25
         Skin              |     1 |     5 ||     6
  Dodge: Dodged            |    61 |    19 ||    80

Table legend: (Time is in decaauts)
 A = Elapsed time spent in this place.
 B = Non-inter-level travel time spent in this place.
 C = Inter-level travel time spent in this place.
 D = Time resting spent in this place.
 E = Time spent auto-exploring this place.
 F = Levels seen in this place.
 G = Mean time per level.
                   A        B        C        D        E       F      G
               +--------+--------+--------+--------+--------+-----+--------+
         Total |   2009 |   1934 |     75 |     41 |   1593 |   3 |  669.7 |
       Dungeon |   2009 |   1934 |     75 |     41 |   1593 |   3 |  669.7 |
               +--------+--------+--------+--------+--------+-----+--------+

Top non-repeatable levels by time:
     D:1: 1160 daAuts
     D:2: 623 daAuts
     D:3: 225 daAuts
